 Dungeon Crawl Stone Soup version 0.32-a0-576-g706899e69d (webtiles) character file.

Game seed: 841721691766912249

365 Dittersdorf the Trooper (level 6, -2/40 HPs)
             Began as a Gargoyle Fighter on Mar 1, 2024.
             Killed from afar by an orc wizard (7 damage)
             ... with a magic dart
             ... on level 3 of the Dungeon.
             The game lasted 00:02:18 (2875 turns).

Dittersdorf the Trooper (Gargoyle Fighter)          Turns: 2875, Time: 00:02:18

Health: -2/40      AC: 14    Str: 22    XL:     6   Next: 68%
Magic:  6/6        EV:  9    Int:  8    God:
Gold:   182        SH:  4    Dex:  9    Spells: 5/5 levels left

rFire   . . .        a - +0 flail
rCold   . . .        c - +0 buckler
rNeg    + . .        b - +3 scale mail {rPois}
rPois   ∞            (no helmet)
rElec   +            (no cloak)
rCorr   .            (no gloves)
SInv    .            (no boots)
Will    .....        (no amulet) Stlth
                     (no ring)
HPRegen 0.26/turn    (no ring)
MPRegen 0.10/turn

%: no passive effects
@: no status effects
A: sickness immunity, AC +4, negative energy resistance 1, electricity
resistance, torment resistance 1, petrification resistance
a: no special abilities


You were on level 3 of the Dungeon.
You visited 1 branch of the dungeon, and saw 4 of its levels.

You collected 182 gold pieces.

Inventory:

Hand Weapons
 a - a +0 flail (weapon)
Armour
 b - a +3 scale mail of poison resistance (worn)
 c - a +0 buckler (worn)
Scrolls
 f - 5 scrolls of identify {unknown}
 h - a scroll of enchant weapon {unknown}
 j - a scroll of fear {unknown}
 k - a scroll of noise {unknown}
 l - a scroll of fog {unknown}
 m - a scroll of teleportation {unknown}
 n - a scroll of immolation {unknown}
 o - a scroll of torment {unknown}
Potions
 e - 3 potions of lignification {unknown}
 g - a potion of attraction {unknown}
 i - 2 potions of mutation {unknown}


   Skills:
 + Level 4.9 Fighting
 + Level 3.8 Maces & Flails
 + Level 4.8 Armour
 + Level 4.9 Shields


You had 5 spell levels left.
You didn't know any spells.
Your spell library contained the following spells:

 Spells                   Type           Power      Damage    Failure   Level
 Apportation              Tloc           0%         N/A       78%         1
 Magic Dart               Conj           0%         1d3       78%         1
 Sting                    Conj/Alch      0%         1d3       78%         1
 Jinxbite                 Hex            0%         N/A       89%         2
 Mercury Vapours          Alch/Air       0%         N/A       89%         2
 Searing Ray              Conj           0%         2d4       89%         2
 Stone Arrow              Conj/Erth      0%         3d7       98%         3
 Fulminant Prism          Conj/Alch      0%         3d5       100%        4
 Leda's Liquefaction      Alch/Erth      0%         N/A       100%        4
 Olgreb's Toxic Radiance  Alch           0%         N/A       100%        4
 Alistair's Intoxication  Alch           0%         N/A       100%        5
 Lee's Rapid Deconstruct  Erth           0%         3d4*      100%        5
 Bombard                  Conj/Erth      0%         9d1       100%        6
 Eringya's Noxious Bog    Alch           0%         4d6       100%        6
 Chain Lightning          Conj/Air       0%         N/A       100%        9


Dungeon Overview and Level Annotations

Branches:
Dungeon (4/15)
 Temple: D:4-7

Altars:
Okawaru
Qazlal


Innate Abilities, Weirdness & Mutations

You are immune to sickness and miasma.
Your stone body is resilient. (AC +4)
You are immune to poison.
You resist negative energy. (rN+)
You are resistant to electric shocks. (rElec)
You are resistant to unholy torment.
You are immune to petrification.


Message History

The kobold hits you but does no damage. The endoplasm barely misses you.
Something hits you but does no damage.
You hit the kobold but do no damage. The kobold hits you but does no damage.
The endoplasm jiggles.
The endoplasm hits you but does no damage.
Something hits you but does no damage.
You sock the kobold!
You kill the kobold!
The endoplasm freezes you.
You are frozen.
* * * LOW HITPOINT WARNING * * *
You hear some strange, mumbled words.
You are confused.
The endoplasm hits you but does no damage.
Something hits you but does no damage.
The endoplasm attacks as it pursues you!
The endoplasm closely misses you. Something hits you but does no damage.
The endoplasm attacks as it pursues you!
The endoplasm hits you.
* * * LOW HITPOINT WARNING * * *
You bump into the rock wall.
The endoplasm freezes you.
You are frozen.
* * * LOW HITPOINT WARNING * * *
You bump into the rock wall.
The endoplasm freezes you.
You are frozen.
* * * LOW HITPOINT WARNING * * *
You bump into the rock wall.
You feel less confused. You block the endoplasm's attack.
The endoplasm hits you but does no damage.
You sock the endoplasm!
You kill the endoplasm!
Something hits you but does no damage.
You miss something. Something hits you but does no damage.
You hear some strange, mumbled words.
A magic dart appears from out of thin air!
The magic dart hits you!
You die...

#.............#.#
#.§≈≈≈≈≈≈≈
###...#########.#
#......... #...#
#.#######.#####.
#...#########.........#
#.
#.............#########
#. #.#.#########.#####
#. #.#.# #.....# #.
#.#.#############.# #.
#.#........@{.###[## ##
#....########.##)..###
###..### #..>)....#
#.....# #..#...#.#
#...#.#
#..##.##.#######
#...#.#
####..##.##........
#...#.#
#.......<####.#####
#>....# #.##..#### #.#
##..### #.##..# #.#


There were no monsters in sight!

Vanquished Creatures
  Duvessa (D:3)
  A scorpion (D:3)
  Dowan (D:3)
  A bombardier beetle (D:3)
  An iguana (D:3)
  2 adders (D:2)
  3 dart slugs
  A ribbon worm (D:2)
  6 orcs
  5 ball pythons
  A bat (D:2)
  6 endoplasms
  A giant cockroach (D:1)
  4 goblins
  7 hobgoblins
  6 frilled lizards
  11 kobolds
  6 rats
64 creatures vanquished.

Notes
Turn   | Place    | Note
-------+----------+-------------------------------------------
     0 | D:1      | Dittersdorf the Gargoyle Fighter began the quest for the
                  | Orb.
     0 | D:1      | Reached XP level 1. HP: 14/14 MP: 1/1
     5 | D:1      | You fall into a shaft and drop 1 floor!
     5 | D:2      | Found a stormy altar of Qazlal.
    98 | D:2      | Reached XP level 2. HP: 9/19 MP: 2/2
   347 | D:1      | Reached XP level 3. HP: 22/23 MP: 3/3
  1531 | D:2      | Reached XP level 4. HP: 29/29 MP: 4/4
  1873 | D:3      | Found an iron altar of Okawaru.
  1927 | D:3      | Got the Discursus on the Intense Elixir
  1936 | D:3      | Noticed a scorpion
  1951 | D:3      | Killed a scorpion
  1952 | D:3      | Reached XP level 5. HP: 26/34 MP: 5/5
  2720 | D:4      | Noticed Duvessa
  2720 | D:4      | Noticed Dowan
  2751 | D:3      | Killed Duvessa
  2752 | D:3      | Reached XP level 6. HP: 19/39 MP: 6/6
  2754 | D:3      | Killed Dowan
  2875 | D:3      | Killed from afar by an orc wizard

Illustrated notes

Levels and vault maps discovered:
D:1:      lemuel_arrival_river_ford, layout_basic, minmay_misc_feat_diagonals
D:2:      layout_loops_ring, basic_altar
D:3:      layout_loops_ring, mainiacjoe_overflow_concentric_impassable,
          minmay_increasing_density
D:4:      layout_rooms, serial_corexii_hall, chequers_hall_statues_wall_a,
          corexii_hall_statues_l, serial_shops, shop,
          nicolae_shop_sticking_my_neck_out, uniq_blork_the_orc, uniq_grinder,
          uniq_crazy_yiuf_cottage, uniq_duvessa, uniq_robin

Skill      XL: |  1  2  3  4 |
---------------+-------------+-----
Fighting       | 4 |  4.9
Armour         | 4 |  4.8
Shields        | 4 |  4.9
Maces & Flails | 3 |  3.8

Action                     |  1- 3 |  4- 6 || total
---------------------------+-------+-------++-------
  Melee: Flail             |   114 |   100 ||   214
    Use: Potion            |       |     1 ||     1
 Armour: Scale mail        |    96 |    76 ||   172
         Chain mail        |       |    33 ||    33
  Dodge: Dodged            |    44 |    57 ||   101
  Block: Buckler           |    26 |    24 ||    50

Table legend: (Time is in decaauts)
 A = Elapsed time spent in this place.
 B = Non-inter-level travel time spent in this place.
 C = Inter-level travel time spent in this place.
 D = Time resting spent in this place.
 E = Time spent auto-exploring this place.
 F = Levels seen in this place.
 G = Mean time per level.
                   A        B        C        D        E       F      G
               +--------+--------+--------+--------+--------+-----+--------+
         Total |   2941 |   2761 |    180 |    121 |   2121 |   4 |  735.2 |
       Dungeon |   2941 |   2761 |    180 |    121 |   2121 |   4 |  735.2 |
               +--------+--------+--------+--------+--------+-----+--------+

Top non-repeatable levels by time:
     D:1: 1035 daAuts
     D:3: 1020 daAuts
     D:2: 866 daAuts
     D:4: 17 daAuts
